 Dungeon Crawl Stone Soup version 0.31.0-11-ge490571c62 (webtiles) character file.

Game seed: 15556383529491306128

83407 sanka the Warrior (level 15, -25/141 HPs)
             Began as a Minotaur Fighter on Jan 27, 2024.
             Was a High Priest of the Shining One.
             Annihilated by a spriggan berserker
             ... wielding a +0 war axe
              (37 damage)
             ... on level 15 of the Dungeon.
             The game lasted 00:46:25 (19524 turns).

sanka the Warrior (Minotaur Fighter)               Turns: 19524, Time: 00:46:26

Health: -25/141    AC: 24    Str: 22    XL:     15   Next: 32%
Magic:  29/32      EV: 20    Int:  5    God:    the Shining One [*****.]
Gold:   754        SH: 23    Dex: 14    Spells: 14/14 levels left

rFire   + . .        a - +5 scimitar of Atzun {spect, rF+}
rCold   . . .        e - +0 kite shield
rNeg    + + .        K - quicksilver dragon scales
rPois   .            (helmet restricted)
rElec   .            U - +0 cloak
rCorr   .            Q - +0 pair of gloves
SInv    .            G - +0 pair of boots
Will    +++..        q - amulet of Cowardice {Faith Will+ MP+9 Dex-2 Slay+2}
Stlth   +            p - +4 ring of protection
HPRegen 0.43/turn    V - +5 ring of evasion
MPRegen 0.23/turn

%: faith
@: divinely shielded, glowing, studying Maces & Flails
A: horns 2, retaliatory headbutt
a: Renounce Religion, Divine Shield, Cleansing Flame, Summon Divine Warrior


You were on level 15 of the Dungeon.
You worshipped the Shining One.
The Shining One was extremely pleased with you.
You visited 3 branches of the dungeon, and saw 17 of its levels.
You also visited: Gauntlet.

You collected 1024 gold pieces.
You spent 270 gold pieces at shops.


Innate Abilities, Weirdness & Mutations

You have a pair of horns on your head.
You reflexively headbutt those who attack you in melee.


   Skills:
 - Level 15.0 Fighting
 - Level 14.0 Long Blades
 - Level 15.0 Armour
 + Level 11.1 Dodging
 + Level 13.0 Shields
 - Level 12.0 Invocations


You had 14 spell levels left.
You didn't know any spells.
Your spell library contained the following spells:

 Spells                   Type           Power      Damage    Failure   Level
 Apportation              Tloc           0%         N/A       77%         1
 Necrotise                Necr           0%         1d4       77%         1
 Shock                    Conj/Air       0%         1d3       77%         1
 Sting                    Conj/Alch      0%         1d3       77%         1
 Summon Small Mammal      Summ           0%         N/A       77%         1
 Blink                    Tloc           0%         N/A       88%         2
 Cigotuvi's Dreadful Rot  Necr/Alch/Air  0%         N/A       88%         2
 Lesser Beckoning         Tloc           0%         N/A       88%         2
 Mercury Vapours          Alch/Air       0%         N/A       88%         2
 Momentum Strike          Conj/Tloc      0%         3d8       88%         2
 Static Discharge         Conj/Air       0%         3-3/arc   88%         2
 Tukima's Dance           Hex            0%         N/A       98%         3
 Airstrike                Air            0%         2d(0-16)  100%        4
 Dimensional Bullseye     Hex/Tloc       0%         N/A       100%        4
 Dispel Undead            Necr           0%         3d6       100%        4
 Ignite Poison            Fire/Alch      0%         N/A       100%        4
 Iskenderun's Mystic Bla  Conj/Tloc      0%         2d3       100%        4
 Martyr's Knell           Necr/Summ      0%         N/A       100%        4
 Olgreb's Toxic Radiance  Alch           0%         N/A       100%        4
 Summon Lightning Spire   Summ/Air       0%         N/A       100%        4
 Freezing Cloud           Conj/Ice/Air   0%         6-21      100%        5
 Iskenderun's Battlesphe  Conj           0%         2d6       100%        5
 Bombard                  Conj/Erth      0%         9d1       100%        6
 Conjure Ball Lightning   Conj/Air       0%         3x3d6     100%        6
 Death Channel            Necr           0%         N/A       100%        6
 Spellforged Servitor     Conj/Summ      0%         N/A       100%        7
 Lehudib's Crystal Spear  Conj/Erth      0%         10d2      100%        8

Inventory:

Hand Weapons
 a - the +5 scimitar of Atzun (weapon) {spect, rF+} rF+: It protects you from fire.
 b - a +0 scimitar of flaming
Missiles
 R - 2 curare-tipped darts (quivered) {=f}
Armour
 e - a +0 kite shield (worn)
 G - a +0 pair of boots (worn)
 K - quicksilver dragon scales (worn)
 Q - a +0 pair of gloves (worn)
 U - a +0 cloak (worn)
Jewellery
 c - the ring of the Raven {^Contam rC++ Str+6 Dex+2}

   [ring of strength]

   Str+6:     It affects your strength (+6).
   Dex+2:     It affects your dexterity (+2).
   rC++:      It greatly protects you from cold.
   ^Contam:   It causes magical contamination when unequipped.
 f - a +4 ring of protection
 i - the ring of the First Knives {Fire rN++ Int-3 Slay+4 SInv}

   [ring of fire]

   Fire:      It enhances your fire magic.
   Int-3:     It affects your intelligence (-3).
   Slay+4:    It affects your accuracy & damage with ranged weapons and melee
   (+4).
   rF+:       It protects you from fire.
   rC-:       It makes you vulnerable to cold.
   rN++:      It greatly protects you from negative energy.
   SInv:      It lets you see invisible.
 m - an amulet of regeneration
 n - a ring of ice
 p - a +4 ring of protection (left hand)
 q - the amulet of Cowardice (around neck) {Faith Will+ MP+9 Dex-2 Slay+2}

   [amulet of faith]

   Faith:     It allows you to gain divine favour quickly.
   Dex-2:     It affects your dexterity (-2).
   Slay+2:    It affects your accuracy & damage with ranged weapons and melee
   (+2).
   Will+:     It increases your willpower.
   MP+9:      It affects your magic capacity (+9).
 S - a ring of flight
 V - a +5 ring of evasion (right hand)
Wands
 s - a wand of flame (58)
 C - a wand of polymorph (7)
 E - a wand of iceblast (19)
 H - a wand of light (10)
 I - a wand of digging (6)
 P - a wand of mindburst (7)
 Y - a wand of paralysis (7)
Scrolls
 g - 4 scrolls of immolation {!r}
 l - 8 scrolls of vulnerability {!r}
 o - 4 scrolls of fear
 t - 3 scrolls of teleportation {@r4}
 u - 2 scrolls of fog
 x - 3 scrolls of noise {!r}
 F - a scroll of enchant weapon
 J - a scroll of silence {!r}
 M - a scroll of blinking
 N - 4 scrolls of poison {!r}
 O - a scroll of enchant armour
 T - 3 scrolls of brand weapon
 X - 3 scrolls of summoning
Potions
 h - 4 potions of heal wounds {@q2}
 j - 3 potions of berserk rage {unknown}
 k - 4 potions of haste {unknown}
 r - 3 potions of mutation {unknown}
 v - 2 potions of attraction {unknown}
 w - 2 potions of resistance {unknown}
 y - 2 potions of enlightenment {unknown}
 z - a potion of cancellation {unknown}
 A - 4 potions of lignification {unknown}
 B - 5 potions of curing {@q1}
 D - 3 potions of brilliance {unknown}
 L - a potion of invisibility {unknown}
 W - 3 potions of might
 Z - 5 potions of ambrosia

Dungeon Overview and Level Annotations

Branches:
Dungeon (15/15)            Temple (1/1) D:6            Lair (0/5) D:9
    Orc (0/2) D:9          Vaults (0/5) D:13         Depths (1/4) D:15
Gauntlet (visited)

Altars:
Ashenzari
Cheibriados
Dithmenos
Elyvilon
Fedhas
Gozag
Hepliaklqana
Kikubaaqudgha
Makhleb
Nemelex Xobeh
Okawaru
Qazlal
Ru
Sif Muna
Trog
Uskayaw
Vehumet
Wu Jian
Xom
Yredelemnul
Zin
The Shining One

Shops:
D:2 (   D:11 (

Portals:
Trove: D:15 (give +5 ice dragon scales)

Annotations:
D:9 exclusion: 2 downstairs
D:13 exclusion: downstairs

▒▒▒▒▒▒▒.▒▒▒▒▒▒▒
▒.▒ ▒.▒▒ ▒..▒
▒▒▒▒▒▒▒▒▒▒▒▒.▒
▒...[....≈≈▒.▒
▒+▒▒▒≈≈≈▒.≈▒.▒
▒[8.▒......▒.▒
▒.H7▒..≈▒▒.'.▒
▒[8i▒......▒▒▒
▒(▒▒▒≈≈≈▒.≈▒
▒..[.....≈≈▒
▒▒▒▒▒▒▒▒▒▒▒▒


You could see a spriggan berserker (berserk) and a friendly +5 scimitar of Atzun
{spect, rF+}.


Message History

Things that are here:
a +0 rapier; an elf skeleton The spriggan berserker attacks as it pursues you!
The spriggan berserker hits you with a +0 war axe.
* * * LOW HITPOINT WARNING * * *
The spriggan berserker misses you.
The spriggan rider hits you but does no damage.
There is a staircase back to the Dungeon, spattered with blood here.
You see here a +0 troll leather armour.
The spriggan berserker completely misses you.
You block the spriggan rider's attack.
You block the spriggan berserker's attack.
You climb upwards.
Welcome back to the Dungeon!
Reactivating autopickup.
There is a staircase to the Depths, spattered with blood here.
Use which ability? (? or * to list)
Your shield is strengthened by the Shining One's divine power.
You block the spriggan berserker's attack.
Unknown command.
You hit the spriggan berserker but do no damage.
The spriggan berserker is severely wounded.
Your +5 scimitar of Atzun {spect, rF+} hits the spriggan berserker!
The spriggan berserker hits you with a +0 war axe!!
* * * LOW HITPOINT WARNING * * *
You hit the spriggan berserker but do no damage.
The spriggan berserker is almost dead.
Your +5 scimitar of Atzun {spect, rF+} closely misses the spriggan berserker.
The spriggan berserker hits you with a +0 war axe!!!
You die...

Action                     |  1- 3 |  4- 6 |  7- 9 | 10-12 | 13-15 || total
---------------------------+-------+-------+-------+-------+-------++-------
  Melee: Long sword        |    81 |   141 |    27 |       |       ||   249
         Headbutt          |    13 |    27 |    35 |    91 |   203 ||   369
         Falchion          |       |       |    53 |       |       ||    53
         Scimitar          |       |       |    90 |   311 |   543 ||   944
         Unarmed           |       |       |     8 |       |       ||     8
  Throw: Dart              |       |       |       |     3 |     2 ||     5
 Invoke: Divine Shield     |       |       |       |       |    10 ||    10
         Summon Divine War |       |       |       |       |     1 ||     1
  Evoke: Wand              |       |       |     3 |       |       ||     3
    Use: Potion            |       |     3 |       |       |       ||     3
         Scroll            |       |       |       |    11 |     5 ||    16
 Armour: Scale mail        |    47 |   110 |    80 |       |       ||   237
         Quicksilver drago |       |       |    23 |   111 |   292 ||   426
  Dodge: Dodged            |    29 |    41 |    48 |   110 |   284 ||   512
  Block: Buckler           |    14 |    24 |    21 |    40 |    26 ||   125
         Kite shield       |       |       |       |       |   231 ||   231

Levels and vault maps discovered:
D:1:      co_arrival_two_rings, layout_loops_corners, minmay_tetromino_i4
D:2:      layout_rooms, serial_shops, shop, uniq_jessica
D:3:      layout_basic, uniq_crazy_yiuf_cottage
D:4:      gammafunk_steamed_eel, layout_basic, kennysheep_flooded_box,
          uniq_sigmund
D:5:      layout_loops_ring
D:6:      layout_loops_corners, hellmonk_okawaru_the_only_friend_you_need,
          minmay_temple_entry_sparse_star, grunt_ministairs_6
D:7:      layout_basic, nicolae_gozag_cash_rules_everything_around_me,
          minmay_misc_feat_plants
D:8:      layout_cave_pools, gammafunk_temple_overflow_statue,
          serial_column_ruins, column_ruins_hut, column_ruins_grid_1,
          column_ruins_grid_4, column_ruins_grid_1,
          column_ruins_corridor_corner, column_ruins_open_small,
          column_ruins_open_small, column_ruins_columns_corner,
          serial_bayou_crossing
D:9:      layout_loops_ring, grunt_lair_entry_orc_guard_hut,
          minmay_orc_entry_temple_small, gammafunk_ghost_smash,
          kennysheep_another_room, kennysheep_generic_room_13
D:10:     minmay_the_grid_triangle_9x9_recursive_2_mashed
          [minmay_the_grid_triangle_9x9_prize_top_heavy,
          minmay_the_grid_triangle_9x9_empty,
          minmay_the_grid_triangle_9x9_flanged_cone,
          minmay_the_grid_triangle_9x9_tough_junction], layout_small_grid,
          kennysheep_little_box, nzn_wu_jian_contemplation,
          minmay_misc_feat_room, uniq_maggie
D:11:     layout_irregular_city, nicolae_shop_firing_range
D:12:     layout_loops_ring
D:13:     cheibrodos_lost_city_excavation, layout_long_grid,
          ximxim_vaults_locker_room, minmay_misc_feat_cross, uniq_josephine
D:14:     layout_loops_ring, serial_ice, serial_ice_d, serial_ice_l,
          serial_ice_a, serial_ice_f, serial_ice_b, serial_ice_e,
          gauntlet_entry_generic, cheibriados_altar_1
D:15:     grunt_enter_depths_snipers, layout_long_grid,
          chequers_serial_rivers_room_a, enter_trove_0, grunt_ministairs_15
Temple:   eino_temple_scatter_basement
Depths:1: layout_cave_shapes, wad_floor_pattern_untrapped, hell_entry,
          special_room [special_room_magic_class], nicolae_wwwww,
          chequers_hall_statues_y, hangedman_research_probablistics

Notes
Turn   | Place    | Note
-------+----------+-------------------------------------------
     0 | D:1      | sanka the Minotaur Fighter began the quest for the Orb.
     0 | D:1      | Reached XP level 1. HP: 19/19 MP: 0/0
   159 | D:1      | Reached skill level 4 in Fighting
   159 | D:1      | Reached skill level 3 in Long Blades
   159 | D:1      | Reached XP level 2. HP: 21/27 MP: 1/1
   677 | D:1      | Reached skill level 4 in Long Blades
   677 | D:1      | Reached XP level 3. HP: 33/33 MP: 2/2
   902 | D:2      | Found Nent's Antique Weapon Boutique.
  1076 | D:2      | Reached skill level 5 in Long Blades
  1076 | D:2      | Reached XP level 4. HP: 40/40 MP: 3/3
  1172 | D:2      | Noticed Jessica
  1180 | D:2      | Killed Jessica
  1551 | D:3      | Reached skill level 6 in Long Blades
  1698 | D:3      | Reached XP level 5. HP: 30/46 MP: 4/4
  1869 | D:3      | Found a runed translucent door.
  1870 | D:3      | Noticed Crazy Yiuf
  2211 | D:4      | Found a transporter.
  2389 | D:4      | Found a transporter.
  2443 | D:4      | Reached skill level 7 in Long Blades
  2481 | D:4      | Reached XP level 6. HP: 35/52 MP: 5/5
  2632 | D:4      | Reached skill level 8 in Long Blades
  2646 | D:4      | Noticed Sigmund
  2662 | D:4      | Killed Sigmund
  2663 | D:4      | Reached skill level 9 in Long Blades
  2663 | D:4      | Reached XP level 7. HP: 51/59 MP: 6/6
  2930 | D:4      | Identified the +9 falchion "Tormentor" {drain, *Noise rPois
                  | Dex+2}
  3288 | D:4      | Reached skill level 10 in Long Blades
  3459 | D:5      | Entered Level 5 of the Dungeon
  3490 | D:5      | Identified the amulet "Axtashuo" {RegenMP *Slow rPois rN+}
  3507 | D:5      | Reached skill level 11 in Long Blades
  3704 | D:5      | Reached XP level 8. HP: 66/66 MP: 7/7
  4231 | D:6      | Identified quicksilver dragon scales
  4289 | D:6      | Found a staircase to the Ecumenical Temple.
  4312 | Temple   | Entered the Ecumenical Temple
  4322 | Temple   | Became a worshipper of the Shining One
  4765 | D:2      | Bought a slimy scimitar for 270 gold pieces
  4765 | D:2      | Identified the +5 scimitar of Atzun {spect, rF+} (You
                  | bought it in a shop on level 2 of the Dungeon)
  5115 | D:6      | Found an iron altar of Okawaru.
  5122 | D:6      | Reached skill level 12 in Long Blades
  5359 | D:7      | Reached skill level 13 in Long Blades
  5519 | D:7      | Reached XP level 9. HP: 48/71 MP: 8/8
  5521 | D:7      | Reached skill level 14 in Long Blades
  5525 | D:7      | Reached skill level 4 in Armour
  5803 | D:7      | Reached skill level 5 in Fighting
  5830 | D:7      | Reached skill level 5 in Armour
  5977 | D:7      | Noticed a two-headed ogre
  5986 | D:7      | Killed a two-headed ogre
  5987 | D:7      | Reached skill level 6 in Fighting
  5987 | D:7      | Reached skill level 6 in Armour
  6066 | D:7      | Reached skill level 7 in Fighting
  6073 | D:7      | Reached skill level 7 in Armour
  6230 | D:7      | Reached * piety under the Shining One
  6418 | D:7      | Found an opulent altar of Gozag.
  6649 | D:8      | Found a shimmering altar of Xom.
  6649 | D:8      | Found a radiant altar of Vehumet.
  6897 | D:8      | Reached skill level 8 in Fighting
  6897 | D:8      | Reached XP level 10. HP: 86/88 MP: 9/9
  6925 | D:8      | Reached skill level 8 in Armour
  7051 | D:9      | Noticed a two-headed ogre
  7061 | D:9      | Killed a two-headed ogre
  7230 | D:9      | Reached skill level 9 in Fighting
  7360 | D:9      | Reached skill level 9 in Armour
  7395 | D:9      | Reached skill level 10 in Fighting
  7399 | D:9      | Reached skill level 10 in Armour
  7525 | D:9      | Found a staircase to the Lair.
  7525 | D:9      | Noticed an elephant
  7531 | D:9      | Killed an elephant
  7645 | D:9      | Found a staircase to the Orcish Mines.
  8085 | D:9      | Reached skill level 1 in Dodging
  8118 | D:9      | Found a transporter.
  8118 | D:9      | Noticed a two-headed ogre
  8118 | D:9      | Noticed notrandom's ghost (novice OpSh)
  8118 | D:9      | Noticed a two-headed ogre
  8119 | D:9      | Noticed a two-headed ogre
  8120 | D:9      | Identified the +0 dire flail of the Quick God {freeze,
                  | Int+9 Dex-5}
  8120 | D:9      | Noticed a two-headed ogre
  8134 | D:9      | Found a transporter.
  8144 | D:9      | Killed a two-headed ogre
  8145 | D:9      | Reached skill level 2 in Dodging
  8147 | D:9      | Killed a two-headed ogre
  8148 | D:9      | Reached skill level 11 in Fighting
  8148 | D:9      | Reached XP level 11. HP: 51/102 MP: 10/10
  8395 | D:9      | Killed notrandom's ghost
  8396 | D:9      | Reached skill level 11 in Armour
  8396 | D:9      | Reached skill level 3 in Dodging
  8399 | D:9      | Killed a two-headed ogre
  8402 | D:9      | Killed a two-headed ogre
  8403 | D:9      | Reached skill level 4 in Dodging
  8594 | D:10     | Entered Level 10 of the Dungeon
  8648 | D:10     | Reached ** piety under the Shining One
  8685 | D:10     | Found an ancient bone altar of Kikubaaqudgha.
  8741 | D:10     | Identified +0 acid dragon scales
  8741 | D:10     | Noticed Maggie
  8770 | D:10     | Killed Maggie
  8894 | D:10     | Reached skill level 5 in Dodging
  8978 | D:10     | Reached skill level 12 in Fighting
  9146 | D:10     | Found a runed translucent door.
  9146 | D:10     | Found a runed translucent door.
  9146 | D:10     | Noticed a centaur warrior
  9282 | D:10     | Found an ornate altar of the Wu Jian Council.
  9451 | D:10     | Killed a centaur warrior
  9452 | D:10     | Reached skill level 12 in Armour
  9460 | D:10     | Noticed an orc knight
  9460 | D:10     | Noticed an occultist
  9465 | D:10     | Noticed an orc knight
  9468 | D:10     | Killed an occultist
  9472 | D:10     | Killed an orc knight
  9473 | D:10     | Reached skill level 6 in Dodging
  9478 | D:10     | Killed an orc knight
  9491 | D:10     | Noticed a deep elf pyromancer
  9499 | D:10     | Killed a deep elf pyromancer
  9500 | D:10     | Reached XP level 12. HP: 48/113 MP: 11/11
  9574 | D:10     | Reached skill level 13 in Fighting
  9574 | D:10     | Reached skill level 7 in Dodging
  9775 | D:10     | Noticed a boulder beetle
  9783 | D:10     | Killed a boulder beetle
  9784 | D:10     | Reached skill level 13 in Armour
 10057 | D:3      | Killed Crazy Yiuf
 10292 | D:11     | Noticed a boulder beetle
 10303 | D:11     | Killed a boulder beetle
 10353 | D:11     | Noticed a two-headed ogre
 10364 | D:11     | Killed a two-headed ogre
 10502 | D:11     | Reached *** piety under the Shining One
 10511 | D:11     | Reached skill level 8 in Dodging
 10869 | D:11     | Found Fytz's Firing Range.
 11554 | D:12     | Noticed a boulder beetle
 11562 | D:12     | Killed a boulder beetle
 11563 | D:12     | Reached skill level 14 in Fighting
 11758 | D:13     | Reached skill level 1 in Invocations
 11809 | D:13     | Noticed Josephine
 11816 | D:13     | Killed Josephine
 11817 | D:13     | Reached skill level 2 in Invocations
 12031 | D:13     | Reached skill level 14 in Armour
 12038 | D:13     | Reached skill level 9 in Dodging
 12091 | D:13     | Noticed a two-headed ogre
 12096 | D:13     | Killed a two-headed ogre
 12176 | D:13     | Noticed a vault guard
 12176 | D:13     | Noticed a vault guard
 12176 | D:13     | Noticed a vault guard
 12176 | D:13     | Noticed a vault guard
 12177 | D:13     | Reached **** piety under the Shining One
 12194 | D:13     | Killed a vault guard
 12202 | D:13     | Killed a vault guard
 12203 | D:13     | Reached skill level 3 in Invocations
 12214 | D:13     | Killed a vault guard
 12215 | D:13     | Reached XP level 13. HP: 89/125 MP: 14/14
 12494 | D:13     | Found a gate to the Vaults.
 12615 | D:13     | Reached skill level 4 in Shields
 12615 | D:13     | Reached skill level 4 in Invocations
 13072 | D:13     | Reached skill level 10 in Dodging
 13116 | D:13     | Got the Compendium of the Five Xeniums
 13148 | D:13     | Reached skill level 15 in Fighting
 13148 | D:13     | Reached skill level 5 in Shields
 13316 | D:14     | Reached ***** piety under the Shining One
 13322 | D:14     | Reached skill level 5 in Invocations
 13349 | D:14     | Reached skill level 6 in Shields
 13389 | D:14     | Reached skill level 6 in Invocations
 13430 | D:14     | Found a snail-covered altar of Cheibriados.
 13462 | D:14     | Found a gate leading to a gauntlet.
 13492 | Gauntlet | Entered a Gauntlet
 13492 | Gauntlet | Found a transporter.
 13541 | Gauntlet | Found a transporter.
 13555 | Gauntlet | Found a transporter.
 13560 | Gauntlet | Found a transporter.
 13575 | Gauntlet | Found a transporter.
 13594 | Gauntlet | Found a transporter.
 13606 | Gauntlet | Found a transporter.
 13612 | Gauntlet | Found a transporter.
 13614 | Gauntlet | Found a transporter.
 13631 | Gauntlet | Found a transporter.
 13637 | Gauntlet | Found a transporter.
 13656 | Gauntlet | Found a transporter.
 13664 | Gauntlet | Found a transporter.
 13681 | Gauntlet | Found a transporter.
 13687 | Gauntlet | Found a transporter.
 13687 | Gauntlet | Found a transporter.
 13730 | Gauntlet | Found a transporter.
 13779 | Gauntlet | Found a transporter.
 13856 | Gauntlet | Reached skill level 7 in Shields
 13869 | Gauntlet | Identified the ring of the Raven {^Contam rC++ Str+6 Dex+2}
 14246 | Gauntlet | Identified the ring of the First Knives {Fire rN++ Int-3
                  | Slay+4 SInv}
 14439 | Gauntlet | Identified the +1 spear "Toicisto" {antimagic, rElec rN+
                  | Str+4}
 14439 | Gauntlet | Identified the amulet of Cowardice {Faith Will+ MP+9 Dex-2
                  | Slay+2}
 14439 | Gauntlet | Noticed a minotaur
 14558 | Gauntlet | Killed a minotaur
 14559 | Gauntlet | Reached skill level 8 in Shields
 14559 | Gauntlet | Reached skill level 7 in Invocations
 14984 | D:14     | Reached XP level 14. HP: 135/135 MP: 18/18
 15362 | D:14     | Reached skill level 9 in Shields
 15607 | D:15     | Entered Level 15 of the Dungeon
 15639 | D:15     | Reached skill level 8 in Invocations
 16041 | D:15     | Found a portal to a secret trove of treasure.
 16076 | D:15     | Reached skill level 10 in Shields
 16426 | D:15     | Reached skill level 9 in Invocations
 16973 | D:15     | Found a staircase to the Depths.
 16973 | D:15     | Noticed a stone giant
 16980 | D:15     | Killed a stone giant
 17057 | Depths:1 | Entered Level 1 of the Depths
 17078 | Depths:1 | Noticed a stone giant
 17096 | Depths:1 | Killed a stone giant
 17190 | Depths:1 | Noticed a fire giant
 17203 | Depths:1 | Killed a fire giant
 17204 | Depths:1 | Reached skill level 11 in Shields
 17616 | Depths:1 | Reached skill level 10 in Invocations
 17779 | Depths:1 | Reached skill level 12 in Shields
 17792 | Depths:1 | Noticed a stone giant
 17794 | Depths:1 | Noticed a stone giant
 17910 | Depths:1 | Killed a stone giant
 17913 | Depths:1 | Reached skill level 11 in Invocations
 17919 | Depths:1 | Killed a stone giant
 17972 | Depths:1 | Identified +0 ice dragon scales
 18469 | Depths:1 | Identified +0 ice dragon scales
 18483 | Depths:1 | Noticed a stone giant
 18614 | Depths:1 | Killed a stone giant
 18792 | Depths:1 | Reached XP level 15. HP: 132/141 MP: 22/22
 18861 | Depths:1 | Noticed a deep elf sorcerer
 18862 | Depths:1 | Reached skill level 12 in Invocations
 18876 | Depths:1 | HP: 8/141 [fire dragon (9)]
 18877 | Depths:1 | HP: 1/141 [fire dragon (7)]
 18878 | Depths:1 | Identified +0 fire dragon scales
 18889 | Depths:1 | HP: 1/141 [deep elf sorcerer/bolt of acid (5)]
 18892 | Depths:1 | The Shining One protects you from harm!
 19222 | D:15     | Killed a deep elf sorcerer
 19223 | D:15     | Reached skill level 15 in Armour
 19340 | Depths:1 | Noticed a deep elf sorcerer
 19351 | Depths:1 | Killed a deep elf sorcerer
 19461 | Depths:1 | Noticed a sphinx
 19468 | Depths:1 | Noticed a deep elf sorcerer
 19475 | Depths:1 | Killed a deep elf sorcerer
 19476 | Depths:1 | Reached skill level 11 in Dodging
 19509 | Depths:1 | Reached skill level 13 in Shields
 19523 | D:15     | HP: 11/141 [spriggan berserker/+0 war axe (31)]
 19524 | D:15     | Annihilated by a spriggan berserker

Vanquished Creatures
  3 deep elf sorcerers
  A fire giant (Depths:1)
  A deep elf elementalist (Depths:1)
  6 stone giants
  A deep elf annihilator (Depths:1)
  A minotaur (Gauntlet)
  2 spark wasps (Depths:1)
  2 ettins
  3 fire dragons (Depths:1)
  Josephine (D:13)
  3 ice dragons
  A great orb of eyes (Depths:1)
  2 hydras
  5 vault guards (D:13)
  An ogre mage (Depths:1)
  4 centaur warriors
  5 boulder beetles
  A death knight (D:15)
  2 deep troll shamans (Depths:1)
  A deep troll earth mage (Depths:1)
  8 two-headed ogres
  6 tengu warriors
  A vampire mage (Depths:1)
  A death scarab (Gauntlet)
  The ghost of notrandom the Mimic, a novice OpSh of Gozag (D:9)
  3 hell knights
  An occultist (D:10)
  2 iron trolls
  A fire crab (Gauntlet)
  2 deep trolls (Depths:1)
  3 arcanists
  A spectral hydra (Gauntlet)
  3 necromancers
  3 orc knights
  2 phantasmal warriors (D:15)
  A deep elf zephyrmancer (Depths:1)
  4 manticores
  2 deep elf pyromancers
  15 ugly things
  8 cyclopes
  An elephant (D:9)
  2 gargoyles
  A freezing wraith (D:15)
  Maggie (D:10)
  3 tengu conjurers
  A komodo dragon (D:9)
  A rime drake (shapeshifter) (D:10)
  2 polar bears (D:14)
  An efreet (D:13)
  7 trolls
  A glass eye (D:15)
  Sigmund (D:4)
  11 slime creatures
  2 vampires
  6 wraiths
  8 yaks
  2 fire elementals (D:13)
  7 humans (D:13)
  2 wyverns
  4 fire bats (Gauntlet)
  18 vampire mosquitoes
  6 water moccasins
  2 hell hounds (Gauntlet)
  2 meliai simulacra (D:14)
  2 laughing skulls (D:13)
  4 orc warriors
  2 ice beasts
  A black bear (D:9)
  An ogre (D:15)
  7 wolves
  9 centaurs
  A phantom (D:4)
  2 kobold brigands (D:10)
  6 bullfrogs
  5 scorpions
  A gnoll sergeant (D:8)
  12 wights
  18 killer bees
  A howler monkey (D:8)
  4 electric eels
  A jelly (D:7)
  3 bombardier beetles
  5 orc priests
  Crazy Yiuf (D:3)
  2 hounds
  Jessica (D:2)
  3 iguanas
  8 orc wizards
  3 sleepcaps
  11 gnolls
  10 adders
  5 white imps
  An ufetubus (D:14)
  A dart slug (D:1)
  2 ribbon worms (D:3)
  44 orcs
  2 bats
  10 endoplasms
  4 giant cockroaches
  7 goblins
  7 hobgoblins
  3 jackals (D:2)
  11 kobolds
  5 quokkas
  4 ball pythons
  4 frilled lizards
  4 rats
444 creatures vanquished.

Vanquished Creatures (collateral kills)
  2 ugly things (Depths:1)
2 creatures vanquished.

Vanquished Creatures (others)
  A hornet (Depths:1)
  19 spectral weapons
20 creatures vanquished.

Grand Total: 466 creatures vanquished
